SA
ALAMEDA AIRMEN @ LOUISIANA DRAGOONS
08/07/2024
 
TOP OF THE 1ST
Alameda Airmen batting - Pitching for Louisiana Dragoons : LHP Nick Mason
Pitching: LHP Nick Mason
Batting: RHB Juan García 0-0: Ball
1-0: Called Strike
1-1: Foul Ball, location: 2F
1-2: Ground out 4-3 (Groundball, 4)
Batting: RHB António Nava 0-0: Called Strike
0-1: Ground out 5-3 (Groundball, 5)
Batting: RHB Lenny Roper 0-0: Ground out 5-3 (Groundball, 56S)
Top of the 1st over - 0 run(s), 0 hit(s), 0 error(s), 0 left on base; Alameda 0 - Louisiana 0
BOTTOM OF THE 1ST
Louisiana Dragoons batting - Pitching for Alameda Airmen : LHP Jorge Cruz
Pitching: LHP Jorge Cruz
Batting: RHB Wessel Wemerman 0-0: Ball
1-0: SINGLE (Line Drive, 78S)
Batting: RHB Fernando Rutledge 0-0: Ball
1-0: SINGLE (Line Drive, 6D)
Wessel Wemerman to second
Batting: RHB Armando Carmona 0-0: Ball
1-0: Called Strike
1-1: Ball
2-1: Foul Ball, location: 2F
2-2: Ball
3-2: Fielders Choice at 2nd, 4-6 (Groundball, 4)
Wessel Wemerman to third
Batting: LHB Damian Delaney 0-0: Ball
1-0: DOUBLE (Flyball, 9LM)
Wessel Wemerman scores
Armando Carmona to third
Batting: SHB Galtero Suárez 0-0: Ball
1-0: Foul Ball, location: 2F
1-1: Ball
2-1: Ball
3-1: Called Strike
3-2: Base on Balls
Batting: RHB Sancho Rodríguez 0-0: Ball
Wild Pitch!
Armando Carmona scores
Damian Delaney to third
Galtero Suárez to second
1-0: Ground out 5-3 (Groundball, 56)
Damian Delaney scores
Batting: RHB Kevin Johnson 0-0: SINGLE (Groundball, 4D)
Galtero Suárez to third
Runner from 3rd tries for Home, SAFE, throw made home
Kevin Johnson to second
Batting: RHB Emmanuele Lucchetti 0-0: Ball
1-0: Ball
2-0: SINGLE (Line Drive, 56)
Kevin Johnson to third
Runner from 3rd tries for Home, SAFE, no throw or cutoff
Batting: RHB Eduardo Rivera 0-0: Ball
1-0: Foul Ball, location: 2F
1-1: Called Strike
1-2: Strikes out looking
Bottom of the 1st over - 5 run(s), 5 hit(s), 0 error(s), 1 left on base; Alameda 0 - Louisiana 5
TOP OF THE 2ND
Alameda Airmen batting - Pitching for Louisiana Dragoons : LHP Nick Mason
Batting: LHB Pedro Tapia 0-0: Swinging Strike
0-1: Ball
1-1: Swinging Strike
1-2: SINGLE (Line Drive, 8LS)
Batting: RHB Fernando Trinidad 0-0: Ball
Pedro Tapia steals 2nd base
1-0: Swinging Strike
1-1: Ball
2-1: Called Strike
2-2: Ball
3-2: DOUBLE (Line Drive, 78S)
Pedro Tapia scores
Batting: SHB Domingo Luna 0-0: Ball
1-0: Foul Ball, location: 2F
1-1: SINGLE (Line Drive, 89S)
Fernando Trinidad to third
Batting: LHB Enrique Vásquez 0-0: Ball
1-0: Ball
2-0: Swinging Strike
2-1: Swinging Strike
2-2: Strikes out looking
Batting: RHB Mario Salazar 0-0: Fielders Choice at 2nd, 5-4 (Groundball, 5L)
Fernando Trinidad scores
Batting: LHB Jorge Rodríguez 0-0: Ball
1-0: Called Strike
1-1: Ball
2-1: Foul Ball, location: 2F
2-2: Ground out 1-3 (Groundball, 15S)
Top of the 2nd over - 2 run(s), 3 hit(s), 0 error(s), 1 left on base; Alameda 2 - Louisiana 5
BOTTOM OF THE 2ND
Louisiana Dragoons batting - Pitching for Alameda Airmen : LHP Jorge Cruz
Batting: RHB Wessel Wemerman 0-0: Ball
1-0: Foul Ball, location: 2F
1-1: Ball
2-1: Ball
3-1: Called Strike
3-2: Foul Ball, location: 2F
3-2: Base on Balls
Batting: RHB Fernando Rutledge 0-0: Called Strike
0-1: Ball
1-1: Ball
Wessel Wemerman is caught stealing 2nd base
2-1: Foul Ball, location: 2F
2-2: Fly out, F8 (Flyball, 89M)
Batting: RHB Armando Carmona 0-0: Called Strike
0-1: DOUBLE (Line Drive, 5L)
Batting: LHB Damian Delaney 0-0: Swinging Strike
0-1: Ball
1-1: Ball
2-1: Fly out, F8 (Flyball, 8LM)
Bottom of the 2nd over - 0 run(s), 1 hit(s), 0 error(s), 1 left on base; Alameda 2 - Louisiana 5
TOP OF THE 3RD
Alameda Airmen batting - Pitching for Louisiana Dragoons : LHP Nick Mason
Batting: RHB Juan García 0-0: Called Strike
0-1: Ball
1-1: Ball
2-1: Fly out, F9 (Flyball, 9LS)
Batting: RHB António Nava 0-0: Called Strike
0-1: Called Strike
0-2: Ball
1-2: Foul Ball, location: 2F
1-2: Strikes out swinging
Batting: RHB Lenny Roper 0-0: Foul Ball, location: 2F
0-1: Foul Ball, location: 2F
0-2: Ground out 4-3 (Groundball, 4)
Top of the 3rd over - 0 run(s), 0 hit(s), 0 error(s), 0 left on base; Alameda 2 - Louisiana 5
BOTTOM OF THE 3RD
Louisiana Dragoons batting - Pitching for Alameda Airmen : LHP Jorge Cruz
Batting: SHB Galtero Suárez 0-0: Fly out, F4 (Popup, 4D)
Batting: RHB Sancho Rodríguez 0-0: Ball
1-0: SINGLE (Line Drive, 7S)
Batting: RHB Kevin Johnson 0-0: Ball
1-0: Swinging Strike
1-1: Called Strike
1-2: Foul Ball, location: 2F
1-2: Ball
2-2: Strikes out swinging
Batting: RHB Emmanuele Lucchetti 0-0: Ball
1-0: Foul Ball, location: 2F
1-1: Ball
2-1: SINGLE (Groundball, 4M)
Sancho Rodríguez to second
Batting: RHB Eduardo Rivera 0-0: Called Strike
0-1: Foul Ball, location: 2F
0-2: Foul Ball, location: 2F
0-2: SINGLE (Groundball, 34) (infield hit)
Sancho Rodríguez to third
Emmanuele Lucchetti to second
Batting: RHB Wessel Wemerman 0-0: Foul Ball, location: 2F
0-1: Ball
1-1: Ball
2-1: Fly out, F2 (Popup, 2LF)
Bottom of the 3rd over - 0 run(s), 3 hit(s), 0 error(s), 3 left on base; Alameda 2 - Louisiana 5
TOP OF THE 4TH
Alameda Airmen batting - Pitching for Louisiana Dragoons : LHP Nick Mason
Batting: LHB Pedro Tapia 0-0: Swinging Strike
0-1: Ball
1-1: Swinging Strike
1-2: Foul Ball, location: 2F
1-2: SINGLE (Groundball, 56S) (infield hit)
Pinch Runner at 1st César Nieves:
Batting: RHB Fernando Trinidad 0-0: Ball
1-0: Called Strike
1-1: Ball
2-1: Grounds into double play, 6-4-3 (Groundball, 6M)
Batting: SHB Domingo Luna 0-0: Ball
1-0: Ball
2-0: Foul Ball, location: 2F
2-1: Fly out, F3 (Popup, 3F)
Top of the 4th over - 0 run(s), 1 hit(s), 0 error(s), 0 left on base; Alameda 2 - Louisiana 5
BOTTOM OF THE 4TH
Louisiana Dragoons batting - Pitching for Alameda Airmen : LHP Jorge Cruz
Now in CF: César Nieves
Batting: RHB Fernando Rutledge 0-0: Called Strike
0-1: Foul Ball, location: 2F
0-2: Ball
1-2: Ball
2-2: Foul Ball, location: 2F
2-2: Ball
3-2: Foul Ball, location: 2F
3-2: Strikes out looking
Batting: RHB Armando Carmona 0-0: Called Strike
0-1: Fly out, F4 (Popup, 3)
Batting: LHB Damian Delaney 0-0: Foul Ball, location: 2F
0-1: Called Strike
0-2: Ball
1-2: Foul Ball, location: 2F
1-2: Foul Ball, location: 2F
1-2: SINGLE (Groundball, 34D)
Batting: SHB Galtero Suárez 0-0: Ball
1-0: Ball
2-0: Ground out 5-3 (Groundball, 5)
Bottom of the 4th over - 0 run(s), 1 hit(s), 0 error(s), 1 left on base; Alameda 2 - Louisiana 5
TOP OF THE 5TH
Alameda Airmen batting - Pitching for Louisiana Dragoons : LHP Nick Mason
Batting: LHB Enrique Vásquez 0-0: Foul Ball, location: 2F
0-1: Ball
1-1: Called Strike
1-2: Foul Ball, location: 2F
1-2: Fly out, F8 (Flyball, 8RM)
Batting: RHB Mario Salazar 0-0: Foul Ball, location: 2F
0-1: Ball
1-1: Foul Ball, location: 2F
1-2: Ball
2-2: Foul Ball, location: 2F
2-2: Strikes out looking
Batting: LHB Jorge Rodríguez 0-0: Swinging Strike
0-1: Ball
1-1: Swinging Strike
1-2: Ball
2-2: Strikes out swinging
Top of the 5th over - 0 run(s), 0 hit(s), 0 error(s), 0 left on base; Alameda 2 - Louisiana 5
BOTTOM OF THE 5TH
Louisiana Dragoons batting - Pitching for Alameda Airmen : LHP Jorge Cruz
Batting: RHB Sancho Rodríguez 0-0: Ball
1-0: Called Strike
1-1: Foul Ball, location: 2F
1-2: Ball
2-2: Strikes out swinging
Batting: RHB Kevin Johnson 0-0: SINGLE (Groundball, 4M)
Batting: RHB Emmanuele Lucchetti 0-0: Ball
1-0: Swinging Strike
1-1: Swinging Strike
1-2: Strikes out swinging
Kevin Johnson is caught stealing 2nd base
Batter strikes out.
Bottom of the 5th over - 0 run(s), 1 hit(s), 0 error(s), 0 left on base; Alameda 2 - Louisiana 5
TOP OF THE 6TH
Alameda Airmen batting - Pitching for Louisiana Dragoons : LHP Nick Mason
Batting: RHB Juan García 0-0: Ball
1-0: Ball
2-0: Ball
3-0: Called Strike
3-1: Base on Balls
Batting: RHB António Nava 0-0: Fly out, F8 (Line Drive, 8LM)
Batting: RHB Lenny Roper 0-0: Called Strike
Juan García steals 2nd base
0-1: Foul Ball, location: 2F
0-2: Ball
1-2: Fly out, F9 (Flyball, 89M)
Batting: LHB César Nieves 0-0: Ball
1-0: Ball
2-0: Foul Ball, location: 2F
2-1: Ball
3-1: Swinging Strike
3-2: Foul Ball, location: 2F
3-2: Strikes out swinging
Top of the 6th over - 0 run(s), 0 hit(s), 0 error(s), 1 left on base; Alameda 2 - Louisiana 5
BOTTOM OF THE 6TH
Louisiana Dragoons batting - Pitching for Alameda Airmen : LHP Jorge Cruz
Batting: RHB Eduardo Rivera 0-0: Ball
1-0: Called Strike
1-1: Called Strike
1-2: Ground out 4-3 (Groundball, 4M)
Pitching: RHP Brent Lockhart
Batting: RHB Wessel Wemerman 0-0: Ground out 5-3 (Groundball, 5L)
Batting: RHB Fernando Rutledge 0-0: Called Strike
0-1: Called Strike
0-2: Strikes out swinging
Bottom of the 6th over - 0 run(s), 0 hit(s), 0 error(s), 0 left on base; Alameda 2 - Louisiana 5
TOP OF THE 7TH
Alameda Airmen batting - Pitching for Louisiana Dragoons : LHP Nick Mason
Batting: RHB Fernando Trinidad 0-0: Called Strike
0-1: SINGLE (Flyball, 8RS)
Pitching: LHP Andrés Fabián
Batting: SHB Domingo Luna 0-0: Ball
1-0: Bunted foul
1-1: Sac Bunt - play at first, batter OUT! 1-4
Fernando Trinidad to second
Batting: LHB Enrique Vásquez 0-0: Ball
1-0: Fly out, F6 (Popup, 5D)
Batting: RHB Mario Salazar 0-0: Called Strike
0-1: Called Strike
0-2: Strikes out swinging
Top of the 7th over - 0 run(s), 1 hit(s), 0 error(s), 1 left on base; Alameda 2 - Louisiana 5
BOTTOM OF THE 7TH
Louisiana Dragoons batting - Pitching for Alameda Airmen : RHP Brent Lockhart
Batting: RHB Armando Carmona 0-0: Ground out 4-3 (Groundball, 4M)
Batting: LHB Damian Delaney 0-0: Ball
1-0: Foul Ball, location: 2F
1-1: Hit by Pitch
Batting: SHB Galtero Suárez 0-0: Ball
1-0: Grounds into double play, 4-6-3 (Groundball, 34)
Bottom of the 7th over - 0 run(s), 0 hit(s), 0 error(s), 0 left on base; Alameda 2 - Louisiana 5
TOP OF THE 8TH
Alameda Airmen batting - Pitching for Louisiana Dragoons : LHP Andrés Fabián
Batting: LHB Jorge Rodríguez 0-0: Ball
1-0: Ground out 6-3 (Groundball, 6)
Batting: RHB Juan García 0-0: Ball
1-0: Swinging Strike
1-1: Swinging Strike
1-2: Ball
2-2: Ball
3-2: Strikes out swinging
Batting: RHB António Nava 0-0: Ball
1-0: Foul Ball, location: 2F
1-1: Ball
2-1: Ball
3-1: DOUBLE (Line Drive, 4MD)
Pitching: RHP Ramón Martínez
Batting: RHB Lenny Roper 0-0: Ball
1-0: Foul Ball, location: 2F
1-1: Foul Ball, location: 2F
1-2: DOUBLE (Line Drive, 9LM)
António Nava scores
Batting: LHB César Nieves 0-0: Ball
1-0: Ball
2-0: Swinging Strike
2-1: Ball
3-1: Base on Balls
Batting: RHB Fernando Trinidad 0-0: Ball
1-0: Swinging Strike
1-1: TRIPLE (Line Drive, 9LM)
Lenny Roper scores
César Nieves scores
Batting: SHB Domingo Luna 0-0: Ball
1-0: Swinging Strike
1-1: Ball
2-1: Fly out, F8 (Flyball, 8LD)
Top of the 8th over - 3 run(s), 3 hit(s), 0 error(s), 1 left on base; Alameda 5 - Louisiana 5
BOTTOM OF THE 8TH
Louisiana Dragoons batting - Pitching for Alameda Airmen : RHP Brent Lockhart
Batting: RHB Sancho Rodríguez 0-0: Fly out, F7 (Line Drive, 78M)
Pinch Hitting: RHB Roberto Hernández 0-0: Foul Ball, location: 2F
0-1: Fly out, F9 (Flyball, 9S)
Pinch Hitting: RHB Warren Willis 0-0: Bunt for hit - play at first, batter safe!
Batting: RHB Eduardo Rivera 0-0: Called Strike
0-1: Fielders Choice at 2nd, 6-4 (Groundball, 6)
Bottom of the 8th over - 0 run(s), 1 hit(s), 0 error(s), 0 left on base; Alameda 5 - Louisiana 5
TOP OF THE 9TH
Alameda Airmen batting - Pitching for Louisiana Dragoons : RHP Ramón Martínez
Pitching: RHP Darren Garland
Now at 2B: Jori Ruuska
Now in LF: Warren Willis
Pinch Hitting: RHB Reginald Kalkman 0-0: Called Strike
0-1: Ball
1-1: Ball
2-1: Swinging Strike
2-2: Foul Ball, location: 2F
2-2: Ball
3-2: Base on Balls
Pinch Hitting: LHB Jim Unknown 0-0: Sac Bunt - play at first, batter OUT! 1-4
Reginald Kalkman to second
Pinch Hitting: RHB Chad Shafer 0-0: Foul Ball, location: 2F
0-1: Ball
1-1: Ground out 5-3 (Groundball, 5)
Batting: RHB Juan García 0-0: Ball
1-0: Fly out, F8 (Flyball, 8LM)
Top of the 9th over - 0 run(s), 0 hit(s), 0 error(s), 1 left on base; Alameda 5 - Louisiana 5
BOTTOM OF THE 9TH
Louisiana Dragoons batting - Pitching for Alameda Airmen : RHP Brent Lockhart
Pitching: RHP Reynaldo Maestas
Now at 1B: Chad Shafer
Now in LF: Jim Unknown
Now in CF: Billy Mays
Pinch Hitting: LHB Luis Moreno 0-0: Called Strike
0-1: Foul Ball, location: 2F
0-2: Ball
1-2: Foul Ball, location: 2F
1-2: Foul Ball, location: 2F
1-2: Foul Ball, location: 2F
1-2: Fly out, F8 (Flyball, 8LM)
Batting: RHB Fernando Rutledge 0-0: Foul Ball, location: 2F
0-1: Ground out 5-3 (Groundball, 56)
Batting: RHB Armando Carmona 0-0: Ball
1-0: Ball
2-0: Called Strike
2-1: Ball
3-1: Called Strike
3-2: Foul Ball, location: 2F
3-2: Base on Balls
Batting: LHB Damian Delaney 0-0: Ball
Armando Carmona is caught stealing 2nd base
Bottom of the 9th over - 0 run(s), 0 hit(s), 0 error(s), 0 left on base; Alameda 5 - Louisiana 5
TOP OF THE 10TH
Alameda Airmen batting - Pitching for Louisiana Dragoons : RHP Darren Garland
Now in LF: Luis Moreno
Batting: RHB António Nava 0-0: Ball
1-0: Called Strike
1-1: Ball
2-1: Called Strike
2-2: Foul Ball, location: 2F
2-2: Foul Ball, location: 2F
2-2: Ball
3-2: Foul Ball, location: 2F
3-2: Fly out, F8 (Line Drive, 8RM)
Batting: RHB Lenny Roper 0-0: Called Strike
0-1: Ball
1-1: Ball
2-1: Foul Ball, location: 2F
2-2: Ground out 4-3 (Groundball, 4)
Batting: LHB César Nieves 0-0: Called Strike
0-1: Ball
1-1: Ball
2-1: Foul Ball, location: 2F
2-2: Ball
3-2: Foul Ball, location: 2F
3-2: Foul Ball, location: 2F
3-2: Strikes out swinging
Top of the 10th over - 0 run(s), 0 hit(s), 0 error(s), 0 left on base; Alameda 5 - Louisiana 5
BOTTOM OF THE 10TH
Louisiana Dragoons batting - Pitching for Alameda Airmen : RHP Reynaldo Maestas
Batting: LHB Damian Delaney 0-0: Ball
1-0: Ball
2-0: Foul Ball, location: 2F
2-1: Ball
3-1: Called Strike
3-2: Fly out, F6 (Line Drive, 56D)
Batting: SHB Galtero Suárez 0-0: Ball
1-0: Called Strike
1-1: Ball
2-1: Foul Ball, location: 2F
2-2: Strikes out looking
Batting: RHB Sancho Rodríguez 0-0: Ball
1-0: Ball
2-0: Fly out, F8 (Popup, 6MD)
Bottom of the 10th over - 0 run(s), 0 hit(s), 0 error(s), 0 left on base; Alameda 5 - Louisiana 5
TOP OF THE 11TH
Alameda Airmen batting - Pitching for Louisiana Dragoons : RHP Darren Garland
Pitching: RHP Jody Bennett
Batting: RHB Fernando Trinidad 0-0: Fly out, F9 (Flyball, 89S)
Batting: SHB Domingo Luna 0-0: SINGLE (Groundball, 56) (infield hit)
Pinch Hitting: SHB Joaquín Reyes 0-0: Ball
Domingo Luna steals 2nd base
1-0: Swinging Strike
1-1: Ball
2-1: Ball
3-1: Base on Balls
Batting: LHB Jim Unknown 0-0: Called Strike
0-1: Ground out 4-3 (Groundball, 13)
Domingo Luna to third
Joaquín Reyes to second
Batting: RHB Chad Shafer 0-0: Called Strike
0-1: Ball
1-1: Foul Ball, location: 2F
1-2: Ball
2-2: Strikes out swinging
Top of the 11th over - 0 run(s), 1 hit(s), 0 error(s), 2 left on base; Alameda 5 - Louisiana 5
BOTTOM OF THE 11TH
Louisiana Dragoons batting - Pitching for Alameda Airmen : RHP Reynaldo Maestas
Pitching: RHP Paco Rodríguez
Now in CF: Joaquín Reyes
Pinch Hitting: SHB Eduardo Pampin 0-0: Ball
1-0: Swinging Strike
1-1: Swinging Strike
1-2: Ball
2-2: Ball
3-2: Strikes out swinging
Batting: RHB Warren Willis 0-0: SINGLE (Line Drive, 7S)
Batting: RHB Eduardo Rivera 0-0: Ball
Warren Willis steals 2nd base
1-0: Fly out, F5 (Popup, 25F)
Batting: LHB Luis Moreno 0-0: Ball
1-0: Ball
2-0: Ball
3-0: Base on Balls
Batting: RHB Fernando Rutledge 0-0: Ball
1-0: Fly out, F8 (Flyball, 8RM)
Bottom of the 11th over - 0 run(s), 1 hit(s), 0 error(s), 2 left on base; Alameda 5 - Louisiana 5
TOP OF THE 12TH
Alameda Airmen batting - Pitching for Louisiana Dragoons : RHP Jody Bennett
Now in CF: Felipe Palazzola
Batting: RHB Juan García 0-0: Ball
1-0: Ball
2-0: Called Strike
2-1: Foul Ball, location: 2F
2-2: SINGLE (Line Drive, 56D)
Batting: RHB António Nava 0-0: Called Strike
0-1: SINGLE (Groundball, 5D)
Juan García to second
Batting: RHB Lenny Roper 0-0: Ball
1-0: Ball
2-0: Ball
3-0: Called Strike
3-1: Grounds into double play, U4-3 (Groundball, 4)
Juan García to third
Batting: LHB César Nieves 0-0: Called Strike
0-1: Called Strike
0-2: Ball
1-2: Ball
2-2: SINGLE (Groundball, 2L) (infield hit)
Juan García scores
Batting: RHB Fernando Trinidad 0-0: Ball
1-0: Ball
2-0: Ball
3-0: Base on Balls
César Nieves to second
Batting: SHB Domingo Luna 0-0: Ball
1-0: Foul Ball, location: 2F
1-1: Swinging Strike
1-2: Foul Ball, location: 2F
1-2: Ball
2-2: Foul Ball, location: 2F
2-2: Foul Ball, location: 2F
2-2: SINGLE (Groundball, 34D)
César Nieves to third
Fernando Trinidad to second
Runner from 3rd tries for Home, SAFE, throw made home
Fernando Trinidad to third
Domingo Luna to second
Batting: SHB Joaquín Reyes 0-0: DOUBLE (Groundball, 3L)
Fernando Trinidad scores
Domingo Luna scores
Pitching: RHP Lou Erwin
Batting: LHB Jim Unknown 0-0: Called Strike
0-1: Ball
1-1: Ball
2-1: Foul Ball, location: 2F
2-2: Ball
3-2: Fly out, F8 (Line Drive, 8RS)
Top of the 12th over - 4 run(s), 5 hit(s), 0 error(s), 1 left on base; Alameda 9 - Louisiana 5
BOTTOM OF THE 12TH
Louisiana Dragoons batting - Pitching for Alameda Airmen : RHP Paco Rodríguez
Batting: RHB Armando Carmona 0-0: Foul Ball, location: 2F
0-1: Foul Ball, location: 2F
0-2: Strikes out swinging
Batting: LHB Damian Delaney 0-0: Ball
1-0: Called Strike
1-1: Called Strike
1-2: Ball
2-2: Ball
3-2: Ground out 4-3 (Groundball, 4)
Batting: SHB Galtero Suárez 0-0: Called Strike
0-1: Ball
1-1: Ball
2-1: Fly out, F8 (Flyball, 8LM)
Bottom of the 12th over - 0 run(s), 0 hit(s), 0 error(s), 0 left on base; Alameda 9 - Louisiana 5
This league is powered by Out of the Park Baseball, the baseball management simulation game for PC, Mac and Linux
Monday, October 3rd, 2016 - OOTP Baseball 16.9 Build 39